 Dungeon Sprint DCSS version 0.20.1-1-g8b1a95d (webtiles) character file.

9600000 groucho the Ninja (level 27, -34/199 HPs)
             Began as a Gargoyle Assassin on Nov 4, 2017.
             Was the Champion of Makhleb.
             Annihilated by a destroyer
             ... wielding a +9 great sword of slicing
              (45 damage)
             ... in the Dungeon (Sprint VIII: "Arena of Blood").
             The game lasted 00:02:24 (96 turns).

groucho the Ninja (Gargoyle Assassin)                 Turns: 96, Time: 00:02:24

Health: -34/199    AC: 27    Str: 18    XL:     27
Magic:  37/54      EV: 35    Int: 13    God:    Makhleb [******]
Gold:   0          SH:  0    Dex: 20    Spells: 80/80 levels left

rFire    . . .     SeeInvis .   n - +∞ Axe of Woe
rCold    . . .     Gourm    .   (shield currently unavailable)
rNeg     + . .     Faith    .   c - +0 robe
rPois    ∞         Spirit   .   (no helmet)
rElec    +         Reflect  .   d - +0 cloak
rCorr    .         Harm     .   (no gloves)
MR       ++...     NoTele   +   (no boots)
Stlth    +++++++++.             (no amulet)
Regen    0.5/turn               (no ring)
MPRegen  0.4/turn               (no ring)

@: hasted, very quick
A: big wings, negative energy resistance 1, electricity resistance, unbreathing,
petrification resistance, rot immunity, AC +20
a: Fly, Minor Destruction, Lesser Servant of Makhleb, Major Destruction, Greater
Servant of Makhleb, Renounce Religion


You were in the Dungeon.
You worshipped Makhleb.
Makhleb was exalted by your worship.
You were not hungry.

You visited 1 branch

Inventory:

Hand Weapons
 a - a +2 dagger
 b - a +0 blowgun
 n - the +∞ Axe of Woe (weapon)
   (You found it in the Dungeon)
Missiles
 e - 8 poisoned needles
 f - 2 curare-tipped needles
Armour
 c - a +0 robe (worn)
 d - a +0 cloak (worn)
Scrolls
 m - a scroll of blinking
Potions
 h - a potion of curing
 i - a potion of heal wounds
 k - 2 potions of magic
 l - a potion of berserk rage
Comestibles
 g - a bread ration


   Skills:
 O Level 27 Fighting
 O Level 27 Short Blades
 O Level 27 Axes
 O Level 27 Throwing
 O Level 27 Armour
 O Level 27 Dodging
 O Level 27 Stealth
 O Level 27 Unarmed Combat
 O Level 27 Spellcasting
 O Level 27 Invocations


You had 80 spell levels left.
You didn't know any spells.

Dungeon Overview and Level Annotations

Branches:
Dungeon (1/1)

Altars:
Makhleb


Innate Abilities, Weirdness & Mutations

You are resistant to torment.
Your stone body is resilient. (AC +20)
You are immune to poison.
Your large and strong wings let you fly indefinitely.
You resist negative energy. (rN+)
You are resistant to electric shocks. (rElec)
You can survive without breathing.
You are immune to petrification.
You are immune to rotting.


Message History

A bag of meat comes into view. It is wielding a +9 war axe.
You carve the bag of meat like a ham!!!
You hew the bag of meat savagely.
You kill the bag of meat!
Makhleb accepts your kill.
You feel better.
You slash the bag of meat! You chop the bag of meat into pieces.
You kill the bag of meat!
Makhleb accepts your kill.
You feel better.
You hear a shout! x4
The bag of meat is engulfed in blazing flames.
You hear a shout! 2 orcs and an ogre come into view.
You hear a shout!
The tyrant waves its bony arms in wide circles.
The air twists around and strikes you!
The destroyer hits you with a +9 great sword of slicing!!!!!
Ouch! That really hurt!
* * * LOW HITPOINT WARNING * * *
You die... oo

..O. ..o.....o
#... .Do# . #...
.o.# . ..###oo.
...###..
....oo###O%.....
.....§o§))..%...
#§o§).# #§§§@_#
#)))V)#
......))_L%......
.......###...%...
%.###.%§ ...###..
o #... ...# .
#... ...#
%........ ....
....


You could see a tyrant, an eight-headed meat hydra, a destroyer, a meat
berserker (berserk) and 9 bags of meat.

Vanquished Creatures
  4 hell beasts (D)
  2 greater mummies (D)
  A wraith (D)
  10 vampire knights (D)
  28 ogres (D)
  5 two-headed ogres (D)
  3 liches (D)
  37 orcs (D)
  5 skeletal warriors (D)
  5 large abominations (D)
  5 small abominations (D)
  4 crawling corpses (D)
109 creatures vanquished.

Notes
Turn   | Place    | Note
-------+----------+-------------------------------------------
     0 | D        | groucho the Gargoyle Assassin began the quest for the Orb.
     0 | D        | Reached XP level 1. HP: 12/12 MP: 1/1
     3 | D        | Noticed a bag of meat
     3 | D        | Noticed a bag of meat
     4 | D        | Became a worshipper of Makhleb the Destroyer
     5 | D        | Noticed a bag of meat
     5 | D        | Noticed a bag of meat
     6 | D        | Killed a bag of meat
     6 | D        | Reached XP level 2. HP: 27/27 MP: 2/2
     6 | D        | Reached XP level 3. HP: 32/32 MP: 3/3
     6 | D        | Reached XP level 4. HP: 36/36 MP: 4/4
     6 | D        | Reached XP level 5. HP: 41/41 MP: 5/5
     6 | D        | Reached XP level 6. HP: 47/47 MP: 6/6
     6 | D        | Reached XP level 7. HP: 51/51 MP: 7/7
     6 | D        | Reached XP level 8. HP: 56/56 MP: 8/8
     6 | D        | Reached XP level 9. HP: 61/61 MP: 9/9
     6 | D        | Reached XP level 10. HP: 66/66 MP: 10/10
     6 | D        | Reached XP level 11. HP: 71/71 MP: 11/11
     6 | D        | Reached XP level 12. HP: 76/76 MP: 12/12
     7 | D        | Noticed a bag of meat
     7 | D        | Noticed a bag of meat
     8 | D        | Killed a bag of meat
     8 | D        | Reached * piety under Makhleb
     8 | D        | Reached skill level 27 in Stealth
     8 | D        | Reached XP level 13. HP: 87/87 MP: 13/13
     8 | D        | Killed a bag of meat
     8 | D        | Reached skill level 15 in Fighting
     8 | D        | Reached skill level 10 in Axes
     8 | D        | Reached skill level 5 in Dodging
     8 | D        | Gained mutation: Your large and strong wings let you fly indefinitely. [Gargoyle growth]
     8 | D        | Reached XP level 14. HP: 98/98 MP: 14/14
     9 | D        | Noticed a meat berserker
     9 | D        | Killed a bag of meat
     9 | D        | Noticed a bag of meat
    10 | D        | Noticed a meat berserker
    10 | D        | Killed a meat berserker
    10 | D        | Reached ** piety under Makhleb
    10 | D        | Reached XP level 15. HP: 112/112 MP: 15/15
    12 | D        | Reached XP level 16. HP: 117/117 MP: 16/16
    14 | D        | Noticed a large bag of meat
    14 | D        | Killed a meat berserker
    15 | D        | Noticed a meat berserker
    15 | D        | Killed a meat berserker
    15 | D        | Reached *** piety under Makhleb
    15 | D        | Reached XP level 17. HP: 122/122 MP: 17/17
    16 | D        | Noticed a meat berserker
    17 | D        | Noticed a meat berserker
    17 | D        | Killed a meat berserker
    17 | D        | Reached skill level 27 in Axes
    17 | D        | Reached XP level 18. HP: 128/128 MP: 18/18
    17 | D        | Reached **** piety under Makhleb
    18 | D        | Noticed a meat berserker
    18 | D        | Noticed a meat berserker
    19 | D        | Noticed a meat berserker
    19 | D        | Reached skill level 27 in Dodging
    19 | D        | Reached skill level 10 in Armour
    19 | D        | Reached XP level 19. HP: 137/137 MP: 19/19
    20 | D        | Noticed a destroyer
    21 | D        | Killed a destroyer
    21 | D        | Reached ***** piety under Makhleb
    21 | D        | Reached skill level 27 in Fighting
    21 | D        | Reached XP level 20. HP: 157/157 MP: 20/20
    21 | D        | Killed a large bag of meat
    21 | D        | Reached skill level 27 in Armour
    22 | D        | Killed a meat berserker
    22 | D        | Reached skill level 27 in Invocations
    22 | D        | Reached skill level 5 in Unarmed Combat
    22 | D        | Reached XP level 21. HP: 163/163 MP: 20/38
    22 | D        | Noticed a large bag of meat
    23 | D        | Noticed a large bag of meat
    24 | D        | Noticed a meat berserker
    24 | D        | Killed a meat berserker
    24 | D        | Reached skill level 10 in Spellcasting
    24 | D        | Killed a meat berserker
    24 | D        | Reached skill level 15 in Spellcasting
    24 | D        | Reached XP level 22. HP: 169/169 MP: 20/41
    25 | D        | Killed a large bag of meat
    25 | D        | Reached ****** piety under Makhleb
    27 | D        | Noticed a destroyer
    29 | D        | Killed a large bag of meat
    29 | D        | Reached XP level 23. HP: 175/175 MP: 21/48
    31 | D        | Noticed a large bag of meat
    33 | D        | Reached skill level 27 in Short Blades
    33 | D        | Reached skill level 27 in Throwing
    36 | D        | Killed a destroyer
    36 | D        | Reached skill level 27 in Unarmed Combat
    36 | D        | Reached skill level 27 in Spellcasting
    36 | D        | Reached XP level 24. HP: 181/181 MP: 23/54
    38 | D        | Killed a large bag of meat
    41 | D        | Reached XP level 25. HP: 187/187 MP: 25/54
    42 | D        | Noticed a destroyer
    50 | D        | Reached XP level 26. HP: 193/193 MP: 27/54
    52 | D        | Noticed a destroyer
    52 | D        | Noticed a destroyer
    52 | D        | Killed a destroyer
    53 | D        | Noticed a destroyer
    53 | D        | Noticed a tyrant
    54 | D        | Killed a destroyer
    54 | D        | Reached XP level 27. HP: 199/199 MP: 28/54
    55 | D        | Noticed a tyrant
    56 | D        | Noticed a destroyer
    56 | D        | Killed a tyrant
    57 | D        | Killed a destroyer
    60 | D        | Noticed a tyrant
    61 | D        | Noticed an accursed
    62 | D        | Noticed a destroyer
    62 | D        | Killed a destroyer
    63 | D        | Killed a tyrant
    64 | D        | Killed a destroyer
    66 | D        | Noticed a large bag of meat
    68 | D        | Noticed a meat beast
    70 | D        | Noticed a meat beast
    71 | D        | Noticed a meat beast
    71 | D        | Killed a tyrant
    72 | D        | Noticed a destroyer
    73 | D        | Killed a meat beast
    73 | D        | Killed a meat beast
    74 | D        | Killed a destroyer
    75 | D        | Noticed an accursed
    75 | D        | Killed a meat beast
    77 | D        | Killed an accursed
    78 | D        | Noticed a destroyer
    79 | D        | Noticed a large bag of meat
    79 | D        | Noticed a dread
    80 | D        | Killed a large bag of meat
    84 | D        | Noticed a meat beast
    84 | D        | Killed a destroyer
    85 | D        | Killed a destroyer
    89 | D        | Killed an accursed
    89 | D        | Killed a dread
    91 | D        | Noticed a tyrant
    91 | D        | Noticed a destroyer
    93 | D        | Killed a meat beast
    96 | D        | Annihilated by a destroyer

Skill      XL: |  1  2  3  4  5  6  7  8  9 10 11 12 13 14 15 16 17 18 19 20 21 22 23 |
---------------+----------------------------------------------------------------------+-----
Fighting       | 9 12 15 19 21 27 | 27.0
Short Blades   | 8 11 13 16 17 21 25 27 | 27.0
Axes           | 4 8 10 16 18 23 27 | 27.0
Throwing       | 8 11 13 16 20 25 27 | 27.0
Dodging        | 3 4 5 7 11 19 23 27 | 27.0
Stealth        | 25 27 | 27.0
Armour         | 10 25 27 | 27.0
Invocations    | 27 | 27.0
Unarmed Combat | 5 16 22 27 | 27.0
Spellcasting   | 4 15 21 27 | 27.0

Action                   |  1- 3 |  4- 6 |  7- 9 | 10-12 | 13-15 | 16-18 | 19-21 | 22-24 | 25-27 || total
-------------------------+-------+-------+-------+-------+-------+-------+-------+-------+-------++-------
Melee: Executioner's axe |     1 |       |       |     1 |     3 |     5 |     4 |     9 |    41 ||    64
  Use: Potion            |       |       |       |       |       |       |       |       |     1 ||     1
Armor: Robe              |       |       |       |       |       |       |     1 |     3 |     4 ||     8
Dodge: Dodged            |       |       |       |       |     1 |       |     1 |     1 |     4 ||     7
